 Dungeon Crawl Stone Soup version 0.23.2-33-g5129a83184 (webtiles) character file.

Game seed: 11868237085669110206

165 Danqa the Sneak (level 5, -6/25 HPs)
             Began as a Spriggan Enchanter on July 29, 2019.
             Was an Initiate of Sif Muna.
             Mangled by an iron imp (9 damage)
             ... summoned by Eustachio
             ... on level 3 of the Dungeon.
             The game lasted 00:09:34 (4242 turns).

Danqa the Sneak (Spriggan Enchanter)                Turns: 4242, Time: 00:09:35

Health: -6/25      AC:  5    Str:  4    XL:     5   Next: 22%
Magic:  10/10      EV: 20    Int: 16    God:    Sif Muna [......]
Gold:   115        SH:  0    Dex: 18    Spells: 4/10 levels left

rFire    . . .     SeeInvis +   q - +0 short sword
rCold    . . .     Gourm    .   (shield restricted)
rNeg     . . .     Faith    .   b - +0 robe
rPois    .         Spirit   .   (helmet restricted)
rElec    .         Reflect  .   l - +2 cloak
rCorr    .         Harm     .   (gloves unavailable)
MR       .....                  (boots unavailable)
Stlth    +++.......             (no amulet)
HPRegen  0.08/turn              (no ring)
MPRegen  0.12/turn              (no ring)

@: very quick
A: very small, unfitting armour, see invisible, herbivore, speed 3, slow
metabolism 2
a: Renounce Religion


You were on level 3 of the Dungeon.
You worshipped Sif Muna.
Sif Muna was noncommittal.
You were not hungry.

You visited 1 branch of the dungeon, and saw 4 of its levels.

You collected 115 gold pieces.

Inventory:

Hand Weapons
 a - a +1 dagger
 q - a +0 short sword (weapon)
Armour
 b - a +0 robe (worn)
 l - a +2 cloak (worn)
Jewellery
 i - a +2 ring of dexterity {unknown}
Wands
 o - a wand of scattershot (1)
Scrolls
 c - a scroll of blinking {unknown}
 f - 3 scrolls of remove curse
 g - 5 scrolls of identify {unknown}
 h - a scroll of amnesia {unknown}
 k - 2 scrolls of teleportation {unknown}
 m - a scroll of immolation {unknown}
 p - a scroll of enchant armour {unknown}
 s - a scroll of noise {unknown}
Potions
 e - a potion of agility {unknown}
 j - 3 potions of curing {unknown}
 n - a potion of magic {unknown}
 r - a potion of might {unknown}
Comestibles
 d - 6 rations


   Skills:
 + Level 1.0 Fighting
 + Level 2.4 Short Blades
 + Level 4.8 Dodging
 + Level 6.1 Stealth
 + Level 3.1 Spellcasting
 + Level 4.1 Hexes
 + Level 0.1 Ice Magic


You had 4 spell levels left.
You knew the following spells:

 Your Spells              Type           Power        Failure   Level  Hunger
a - Corona                Hex            ###....      3%          1    None
c - Confuse               Hex            ###.....     11%         3    ###....
h - Ensorcelled Hibernat  Hex/Ice        #.....       12%         2    ##.....

Your spell library contained the following spells:

 Spells                   Type           Power        Failure   Level  Hunger
 Tukima's Dance           Hex            ###.....     11%         3    ###....
 Dazzling Spray           Conj/Hex       #.....       24%         3    ###....


Dungeon Overview and Level Annotations

Branches:
Dungeon (4/15)
 Temple: D:4-7

Altars:
Qazlal
Sif Muna

Annotations:
D:3 Eustachio


Innate Abilities, Weirdness & Mutations

You are very small and have problems with some larger weapons.
You are too small for most types of armour.
You have supernaturally acute eyesight. (SInv)
You are a herbivore.
You cover ground extremely quickly.
You need to consume almost no food.


Message History

Eustachio says, "Summoning is fun!"
Eustachio hits you with a +0 rapier. The rat barely misses you.
The quokka completely misses you. The iron imp barely misses you.
The iron imp hits you! The ufetubus closely misses you.
The ufetubus misses you.
You closely miss Eustachio.
Eustachio is moderately wounded.
The quokka barely misses you. The rat misses you.
The ufetubus barely misses you. The ufetubus closely misses you.
Eustachio hits you but does no damage. The iron imp completely misses you.
The iron imp misses you.
You closely miss Eustachio.
Eustachio is moderately wounded.
The ufetubus misses you. The ufetubus hits you. The quokka misses you.
The rat bites you.
Eustachio brags, "I can call spirits from the vasty deep."
Eustachio hits you with a +0 rapier.
* * * LOW HITPOINT WARNING * * *
The ufetubus misses you. The ufetubus barely misses you. The iron imp hits you!
You die...

......# ##.....................
......# #.....................
......# #.....................
###.### #[....................
#.# #..................... #.#
#..................... #.#
#.............(....... ###.##
#...5@5............... .....#
#...5@r............... .<...#
#...r>................
.....#######...........[.........
.)...##<.........................
.....#######.)...................
.....# ###................(....
..#.## #.......................
###.######.#.....................
###.#....#.#.....................


You could see Eustachio, 2 iron imps, an ufetubus, a quokka and a rat.

Vanquished Creatures
  Jessica (D:3)
  2 worker ants (D:4)
  3 adders
  An ooze (D:1)
  2 worms (D:3)
  2 dart slugs
  A leopard gecko (D:3)
  An orc (D:3)
  2 giant cockroaches (D:3)
  7 goblins
  4 hobgoblins
  7 kobolds
  A quokka (D:3)
  9 bats
  2 frilled lizards
  6 rats
51 creatures vanquished.

Vanquished Creatures (others)
  Ijyb (D:4)
  2 orcs (D:4)
3 creatures vanquished.

Grand Total: 54 creatures vanquished

Notes
Turn   | Place    | Note
-------+----------+-------------------------------------------
     0 | D:1      | Danqa the Spriggan Enchanter began the quest for the Orb.
     0 | D:1      | Reached XP level 1. HP: 9/9 MP: 5/5
   681 | D:1      | Reached skill level 5 in Stealth
   814 | D:1      | Reached XP level 2. HP: 4/13 MP: 6/6
  1672 | D:2      | Reached XP level 3. HP: 11/16 MP: 8/8
  1705 | D:2      | Learned a level 3 spell: Confuse
  2286 | D:3      | Learned a level 2 spell: Ensorcelled Hibernation
  2690 | D:3      | Reached XP level 4. HP: 21/21 MP: 9/9
  3140 | D:3      | Noticed Jessica
  3153 | D:3      | Killed Jessica
  3492 | D:3      | Found a deep blue altar of Sif Muna.
  3510 | D:3      | Became a worshipper of Sif Muna the Loreminder
  3591 | D:4      | Killed Ijyb
  3610 | D:4      | Reached skill level 6 in Stealth
  3610 | D:4      | Reached XP level 5. HP: 23/25 MP: 10/10
  3622 | D:4      | Reached skill level 1 in Fighting
  3642 | D:4      | Found a stormy altar of Qazlal.
  3703 | D:4      | Noticed Eustachio
  4242 | D:3      | Mangled by an iron imp

Skill      XL: |  1  2  3  4  5 |
---------------+----------------+-----
Stealth        | 5 6 |  6.1
Dodging        | 4 |  4.8
Hexes          | 4 |  4.1
Spellcasting   | 3 |  3.1
Short Blades   | 2 |  2.4
Fighting       | 1 |  1.0
Ice Magic      | |  0.1

Action                   |  1- 3 |  4- 6 || total
-------------------------+-------+-------++-------
Melee: Dagger            |   192 |    37 ||   229
       Short sword       |       |    84 ||    84
 Cast: Corona            |     2 |     3 ||     5
       Confuse           |     2 |       ||     2
       Ensorcelled Hiber |     2 |       ||     2
Evoke: Wand              |       |     3 ||     3
  Use: Scroll            |       |     1 ||     1
 Stab: Sleeping          |    12 |     7 ||    19
       Confused          |     2 |       ||     2
  Eat: Ration            |     1 |       ||     1
Armor: Robe              |    61 |    27 ||    88
Dodge: Dodged            |   302 |   157 ||   459
